[ AOE2 MATCH · #484443380 ]
UnrankedTeutons vs Persians
[ REPLAY ANALYSIS · EXTRACTED FROM THE RECORDED GAME ]
Feudal
—
Castle
—
Imperial
—
| APM avg | 37.4 |
| APM peak | 133 |
| eAPM avg | 28.7 |
| Villagers / military | 225 / 1133 |
Focus
⚔️ 46.7% · 🌾 53.3%
Teutonic Knight ×315 · Scout Cavalry ×267 · Spearman ×211 · Mangonel ×85 · Knight ×78 · Archer ×68
Feudal
—
Castle
—
Imperial
—
| APM avg | 25.8 |
| APM peak | 325 |
| eAPM avg | 23.4 |
| Villagers / military | 220 / 1957 |
Focus
⚔️ 39.3% · 🌾 60.7%
War Elephant ×1384 · Knight ×281 · Trade Cart ×205 · Scorpion ×151 · Bombard Cannon ×115 · Mangonel ×16
Feudal
—
Castle
—
Imperial
—
| APM avg | 24.6 |
| APM peak | 83 |
| eAPM avg | 19.7 |
| Villagers / military | 262 / 1958 |
Focus
⚔️ 52.8% · 🌾 47.2%
Spearman ×478 · Scorpion ×463 · Battering Ram ×305 · Mangonel ×295 · Knight ×230 · Trade Cart ×225
Feudal
—
Castle
—
Imperial
—
| APM avg | 25.9 |
| APM peak | 118 |
| eAPM avg | 20.4 |
| Villagers / military | 93 / 2945 |
Focus
⚔️ 62.6% · 🌾 37.4%
Camel Archer ×1459 · Camel Scout ×974 · Knight ×345 · Trade Cart ×105 · Bombard Cannon ×86 · Petard ×76
Feudal
—
Castle
—
Imperial
—
| APM avg | 30.4 |
| APM peak | 98 |
| eAPM avg | 29.1 |
| Villagers / military | 129 / 2159 |
Focus
⚔️ 74.2% · 🌾 25.8%
War Elephant ×804 · Spearman ×429 · Camel Scout ×245 · Knight ×233 · Bombard Cannon ×232 · Scorpion ×139
Feudal
—
Castle
—
Imperial
—
| APM avg | 3.4 |
| APM peak | 44 |
| eAPM avg | 3.4 |
| Villagers / military | 56 / 196 |
Focus
⚔️ 57.8% · 🌾 42.2%
Knight ×103 · Scout Cavalry ×39 · Trebuchet (Packed) ×29 · Trade Cart ×16 · Scorpion ×15 · Teutonic Knight ×10
Feudal
—
Castle
—
Imperial
—
| APM avg | 19.4 |
| APM peak | 105 |
| eAPM avg | 17.4 |
| Villagers / military | 192 / 1345 |
Focus
⚔️ 29.2% · 🌾 70.8%
Throwing Axeman ×844 · Knight ×327 · Trade Cart ×205 · Bombard Cannon ×84 · Scorpion ×66 · Mangonel ×24
Feudal
—
Castle
—
Imperial
—
| APM avg | 5.5 |
| APM peak | 90 |
| eAPM avg | 4.8 |
| Villagers / military | 175 / 254 |
Focus
⚔️ 19.0% · 🌾 81.0%
Woad Raider ×216 · Trade Cart ×45 · Trebuchet (Packed) ×22 · Mangonel ×14 · Monk ×1 · Petard ×1
Match map
Initial resources + every placement click. Lines = walls · curves = elevation contours. ◆ gold · ⬟ stone · ● berries · ✦ relic · ◌ wall gap
Your base· Open — opponent sealed themselves in
fahrettinerdem's base· ✓ Closed at 12:00 · 16t walls · 2 gate(s)
umutcaningin's base· ✓ Closed at 12:00 · 48t walls · no gate
ismaellimom's base· ✓ Closed at 12:00 · 0t walls · no gate
sparoba777's base· ✓ Closed at 12:00 · 42t walls · 3 gate(s)
JakeCargo6253's base· Open — opponent sealed themselves in
oscarrto801's base· ✓ Closed at 12:00 · 22t walls · 3 gate(s)
pedro-241's base· ✓ Closed at 12:00 · 66t walls · 2 gate(s)
Smoothed initial terrain · ◌ = detected wall gap · hover for details
Inputs per minute
— D3r m!t d3m WoLF T4nZt - - fahrettinerdem
Build order — D3r m!t d3m WoLF T4nZt
First 150 of 1706 actions detected
| 0:10 | Build | Town Center |
| 0:11 | Create | Villager (Male) |
| 0:26 | Build | House |
| 0:37 | Create | Villager (Male) |
| 0:40 | Create | Villager (Male) |
| 0:56 | Build | Town Center |
| 1:00 | Create | Villager (Male) |
| 1:00 | Create | Villager (Male) |
| 1:01 | Create | Villager (Male) |
| 1:14 | Create | Villager (Male) |
| 1:14 | Create | Villager (Male) |
| 1:18 | Build | House |
| 1:20 | Build | House |
| 1:21 | Build | House |
| 1:23 | Build | House |
| 1:31 | Create | Villager (Male) |
| 1:31 | Create | Villager (Male) |
| 1:52 | Build | Town Center |
| 1:57 | Build | Town Center |
| 1:59 | Build | Town Center |
| 2:07 | Create | Villager (Male) |
| 2:07 | Create | Villager (Male) |
| 2:07 | Create | Villager (Male) |
| 2:15 | Create | Villager (Male) |
| 2:15 | Create | Villager (Male) |
| 2:24 | Build | House |
| 2:27 | Build | House |
| 2:30 | Build | House |
| 2:37 | Create | Villager (Male) |
| 2:37 | Create | Villager (Male) |
| 2:37 | Create | Villager (Male) |
| 2:40 | Create | Villager (Male) |
| 2:41 | Create | Villager (Male) |
| 2:41 | Create | Villager (Male) |
| 3:05 | Build | Barracks |
| 3:08 | Build | Barracks |
| 3:10 | Build | Barracks |
| 3:13 | Build | Barracks |
| 3:20 | Build | Archery Range |
| 3:22 | Build | Archery Range |
| 3:24 | Build | Archery Range |
| 3:26 | Build | Archery Range |
| 3:28 | Create | Villager (Male) |
| 3:28 | Create | Villager (Male) |
| 3:28 | Create | Villager (Male) |
| 3:29 | Create | Villager (Male) |
| 3:29 | Create | Villager (Male) |
| 3:30 | Create | Villager (Male) |
| 3:30 | Create | Villager (Male) |
| 3:30 | Create | Villager (Male) |
| 3:31 | Create | Villager (Male) |
| 3:31 | Create | Villager (Male) |
| 3:31 | Create | Villager (Male) |
| 3:32 | Create | Villager (Male) |
| 3:32 | Create | Villager (Male) |
| 3:32 | Create | Villager (Male) |
| 3:33 | Create | Villager (Male) |
| 3:33 | Create | Villager (Male) |
| 3:33 | Create | Villager (Male) |
| 3:34 | Create | Villager (Male) |
| 3:34 | Create | Villager (Male) |
| 3:34 | Create | Villager (Male) |
| 3:35 | Create | Villager (Male) |
| 3:35 | Create | Villager (Male) |
| 3:36 | Create | Villager (Male) |
| 3:36 | Create | Villager (Male) |
| 3:36 | Create | Villager (Male) |
| 3:37 | Create | Villager (Male) |
| 3:37 | Create | Villager (Male) |
| 3:37 | Create | Villager (Male) |
| 3:38 | Create | Villager (Male) |
| 3:38 | Create | Villager (Male) |
| 3:38 | Create | Villager (Male) |
| 3:39 | Create | Villager (Male) |
| 3:47 | Build | Town Center |
| 3:50 | Build | Town Center |
| 4:11 | Build | Market |
| 4:21 | Build | Siege Workshop |
| 4:36 | Create | Villager (Male) |
| 4:36 | Create | Villager (Male) |
| 4:37 | Create | Villager (Male) |
| 4:37 | Create | Villager (Male) |
| 4:37 | Create | Villager (Male) |
| 4:38 | Create | Villager (Male) |
| 4:38 | Create | Villager (Male) |
| 4:43 | Build | Lumber Camp |
| 4:59 | Create | Villager (Male) |
| 4:59 | Create | Villager (Male) |
| 5:00 | Create | Villager (Male) |
| 5:00 | Create | Villager (Male) |
| 5:00 | Create | Villager (Male) |
| 5:01 | Create | Villager (Male) |
| 5:01 | Create | Villager (Male) |
| 5:01 | Create | Villager (Male) |
| 5:08 | Create | Spearman |
| 5:09 | Create | Spearman |
| 5:10 | Create | Spearman |
| 5:11 | Create | Spearman |
| 5:11 | Create | Spearman |
| 5:11 | Create | Spearman |
| 5:12 | Create | Spearman |
| 5:12 | Create | Spearman |
| 6:00 | Create | Villager (Male) |
| 6:01 | Create | Villager (Male) |
| 6:01 | Create | Villager (Male) |
| 6:01 | Create | Villager (Male) |
| 6:01 | Create | Villager (Male) |
| 6:03 | Create | Villager (Male) |
| 6:03 | Create | Villager (Male) |
| 6:04 | Create | Villager (Male) |
| 6:49 | Create | Mangonel |
| 6:49 | Create | Mangonel |
| 6:49 | Create | Mangonel |
| 6:50 | Create | Mangonel |
| 7:01 | Build | Siege Workshop |
| 7:03 | Build | Siege Workshop |
| 7:08 | Build | Siege Workshop |
| 7:14 | Build | Siege Workshop |
| 7:15 | Build | Siege Workshop |
| 7:15 | Build | Siege Workshop |
| 7:15 | Build | Siege Workshop |
| 7:16 | Build | Siege Workshop |
| 7:16 | Build | Siege Workshop |
| 7:29 | Build | Castle |
| 7:32 | Build | Castle |
| 7:48 | Build | Castle |
| 8:05 | Build | Archery Range |
| 8:06 | Build | Archery Range |
| 8:07 | Build | Archery Range |
| 8:10 | Build | Archery Range |
| 8:11 | Build | Archery Range |
| 8:11 | Build | Archery Range |
| 8:12 | Build | Archery Range |
| 8:12 | Build | Archery Range |
| 8:41 | Build | Stable |
| 8:42 | Build | Stable |
| 8:43 | Build | Stable |
| 8:43 | Build | Stable |
| 8:44 | Build | Stable |
| 8:47 | Build | Stable |
| 8:48 | Build | Stable |
| 8:48 | Build | Stable |
| 8:49 | Build | Stable |
| 8:49 | Build | Stable |
| 9:03 | Create | Mangonel |
| 9:14 | Build | House |
| 9:15 | Build | House |
| 9:15 | Build | House |
| 9:16 | Build | House |
| 9:16 | Build | House |
Build order — fahrettinerdem
First 150 of 840 actions detected
| 0:20 | Build | Monastery |
| 0:30 | Build | Stone Wall |
| 0:37 | Build | Gate |
| 0:39 | Build | Gate |
| 0:48 | Build | Mining Camp |
| 0:53 | Create | Villager (Male) ×5 |
| 0:53 | Create | Villager (Male) ×5 |
| 0:53 | Create | Villager (Male) ×5 |
| 0:54 | Create | Villager (Male) ×5 |
| 1:08 | Build | Caravanserai |
| 1:19 | Build | Caravanserai |
| 1:27 | Build | Caravanserai |
| 1:33 | Build | Caravanserai |
| 1:39 | Build | Caravanserai |
| 1:46 | Build | Caravanserai |
| 1:56 | Build | House |
| 1:57 | Build | House |
| 1:59 | Build | House |
| 2:00 | Build | House |
| 2:02 | Build | House |
| 2:02 | Build | House |
| 2:04 | Build | House |
| 2:06 | Build | House |
| 2:08 | Build | House |
| 2:11 | Build | House |
| 2:12 | Build | House |
| 2:13 | Build | House |
| 2:15 | Build | House |
| 2:15 | Build | House |
| 2:21 | Create | Monk ×5 |
| 2:52 | Build | Siege Workshop |
| 2:53 | Build | Siege Workshop |
| 2:55 | Build | Siege Workshop |
| 3:25 | Build | Town Center |
| 3:28 | Build | Town Center |
| 3:35 | Build | Town Center |
| 3:40 | Build | Town Center |
| 3:46 | Build | Town Center |
| 3:58 | Build | Town Center |
| 4:03 | Build | Town Center |
| 4:07 | Build | Town Center |
| 4:14 | Build | Town Center |
| 6:02 | Create | Mangonel ×5 |
| 6:02 | Create | Mangonel ×5 |
| 6:03 | Create | Mangonel ×5 |
| 6:03 | Create | Mangonel |
| 6:14 | Build | Market |
| 6:17 | Build | Market |
| 6:43 | Build | Town Center |
| 7:04 | Build | Town Center |
| 8:02 | Build | Monastery |
| 8:08 | Build | House |
| 8:09 | Build | House |
| 8:10 | Build | House |
| 8:12 | Build | House |
| 8:13 | Build | House |
| 8:15 | Build | House |
| 8:16 | Build | House |
| 8:20 | Build | House |
| 8:22 | Build | House |
| 8:23 | Build | House |
| 8:24 | Build | House |
| 8:25 | Build | House |
| 8:26 | Build | House |
| 8:31 | Create | Villager (Male) ×5 |
| 8:31 | Create | Villager (Male) ×5 |
| 8:32 | Create | Villager (Male) ×5 |
| 8:32 | Create | Villager (Male) ×5 |
| 8:32 | Create | Villager (Male) ×5 |
| 8:33 | Create | Villager (Male) ×5 |
| 8:33 | Create | Villager (Male) ×5 |
| 8:33 | Create | Villager (Male) ×5 |
| 8:34 | Create | Villager (Male) ×5 |
| 8:34 | Create | Villager (Male) ×5 |
| 8:34 | Create | Villager (Male) ×5 |
| 8:35 | Create | Villager (Male) ×5 |
| 8:35 | Create | Villager (Male) ×5 |
| 8:35 | Create | Villager (Male) ×5 |
| 8:36 | Create | Villager (Male) ×5 |
| 8:36 | Create | Villager (Male) ×5 |
| 8:36 | Create | Villager (Male) ×5 |
| 8:37 | Create | Villager (Male) ×5 |
| 8:37 | Create | Villager (Male) ×5 |
| 8:37 | Create | Villager (Male) ×5 |
| 8:38 | Create | Villager (Male) ×5 |
| 8:38 | Create | Villager (Male) ×5 |
| 8:38 | Create | Villager (Male) ×5 |
| 8:39 | Create | Villager (Male) ×5 |
| 8:39 | Create | Villager (Male) ×5 |
| 8:39 | Create | Villager (Male) ×5 |
| 8:40 | Create | Villager (Male) ×5 |
| 8:40 | Create | Villager (Male) ×5 |
| 8:40 | Create | Villager (Male) ×5 |
| 8:41 | Create | Villager (Male) ×5 |
| 8:41 | Create | Villager (Male) ×5 |
| 11:35 | Build | Farm |
| 11:36 | Build | Farm |
| 11:36 | Build | Farm |
| 11:36 | Build | Farm |
| 11:37 | Build | Farm |
| 11:37 | Build | Farm |
| 11:37 | Build | Farm |
| 11:38 | Build | Farm |
| 11:38 | Build | Farm |
| 11:38 | Build | Farm |
| 11:39 | Build | Farm |
| 11:39 | Build | Farm |
| 11:39 | Build | Farm |
| 11:40 | Build | Farm |
| 11:40 | Build | Farm |
| 11:41 | Build | Farm |
| 11:41 | Build | Farm |
| 11:41 | Build | Farm |
| 11:47 | Build | Farm |
| 11:47 | Build | Farm |
| 11:47 | Build | Farm |
| 11:48 | Build | Farm |
| 11:48 | Build | Farm |
| 11:49 | Build | Farm |
| 11:49 | Build | Farm |
| 11:49 | Build | Farm |
| 11:50 | Build | Farm |
| 11:50 | Build | Farm |
| 11:50 | Build | Farm |
| 11:51 | Build | Farm |
| 11:51 | Build | Farm |
| 11:52 | Build | Farm |
| 11:52 | Build | Farm |
| 11:52 | Build | Farm |
| 11:56 | Build | Farm |
| 11:56 | Build | Farm |
| 11:56 | Build | Farm |
| 11:57 | Build | Farm |
| 11:57 | Build | Farm |
| 11:57 | Build | Farm |
| 11:58 | Build | Farm |
| 11:58 | Build | Farm |
| 11:58 | Build | Farm |
| 11:59 | Build | Farm |
| 11:59 | Build | Farm |
| 12:00 | Build | Farm |
| 12:00 | Build | Farm |
| 12:00 | Build | Farm |
| 12:01 | Build | Farm |
| 12:01 | Build | Farm |
| 12:01 | Build | Farm |
| 12:02 | Build | Farm |
| 12:07 | Build | Farm |
| 12:08 | Build | Farm |
| 12:08 | Build | Farm |
Build order — umutcaningin
First 150 of 977 actions detected
| 0:12 | Build | Castle |
| 0:15 | Create | Villager (Male) ×5 |
| 0:15 | Create | Villager (Male) ×5 |
| 0:32 | Build | House |
| 1:02 | Create | Villager (Male) ×5 |
| 1:03 | Create | Villager (Male) |
| 1:31 | Build | House |
| 1:31 | Build | House |
| 1:31 | Build | House |
| 1:32 | Build | House |
| 1:32 | Build | House |
| 1:32 | Build | House |
| 1:35 | Build | House |
| 1:41 | Research | Spies/Treason |
| 1:51 | Build | Town Center |
| 1:52 | Build | Town Center |
| 1:54 | Build | Town Center |
| 1:55 | Build | Town Center |
| 1:57 | Build | Town Center |
| 1:59 | Build | Town Center |
| 2:08 | Build | Siege Workshop |
| 2:13 | Build | Market |
| 2:14 | Build | Market |
| 2:16 | Build | Market |
| 2:17 | Build | Market |
| 2:19 | Build | Market |
| 2:24 | Build | Market |
| 2:29 | Create | Villager (Male) ×4 |
| 2:30 | Create | Villager (Male) ×4 |
| 2:55 | Build | Monastery |
| 3:01 | Build | Town Center |
| 3:09 | Create | Villager (Male) ×5 |
| 3:09 | Create | Villager (Male) ×5 |
| 3:09 | Create | Villager (Male) ×5 |
| 3:14 | Create | Villager (Male) ×2 |
| 3:23 | Build | Town Center |
| 3:25 | Build | Town Center |
| 3:27 | Create | Villager (Male) ×5 |
| 3:28 | Create | Villager (Male) ×5 |
| 3:28 | Create | Villager (Male) ×5 |
| 3:33 | Create | Mangonel |
| 3:48 | Build | House |
| 3:49 | Build | House |
| 3:50 | Build | House |
| 3:50 | Build | House |
| 3:51 | Build | House |
| 3:57 | Create | Villager (Male) ×5 |
| 3:57 | Create | Villager (Male) ×5 |
| 3:58 | Create | Villager (Male) ×5 |
| 3:58 | Create | Villager (Male) ×5 |
| 3:58 | Create | Villager (Male) ×5 |
| 3:59 | Create | Villager (Male) ×5 |
| 3:59 | Create | Villager (Male) ×5 |
| 4:08 | Build | Lumber Camp |
| 4:15 | Create | Monk |
| 4:16 | Create | Monk |
| 4:29 | Build | Town Center |
| 4:41 | Build | House |
| 5:27 | Create | Monk |
| 5:42 | Create | Villager (Male) ×5 |
| 5:42 | Create | Villager (Male) ×5 |
| 6:01 | Create | Mangonel |
| 6:01 | Create | Mangonel |
| 6:11 | Create | Villager (Male) ×5 |
| 6:14 | Create | Villager (Male) ×5 |
| 6:15 | Create | Villager (Male) ×5 |
| 6:15 | Create | Villager (Male) ×5 |
| 6:15 | Create | Villager (Male) ×5 |
| 6:16 | Create | Villager (Male) ×5 |
| 6:16 | Create | Villager (Male) ×5 |
| 6:16 | Create | Villager (Male) ×5 |
| 6:16 | Create | Villager (Male) ×5 |
| 6:17 | Create | Villager (Male) ×5 |
| 6:17 | Create | Villager (Male) ×5 |
| 6:17 | Create | Villager (Male) ×5 |
| 6:17 | Create | Villager (Male) ×5 |
| 6:23 | Build | Lumber Camp |
| 6:28 | Build | House |
| 6:28 | Build | House |
| 6:28 | Build | House |
| 6:29 | Build | House |
| 6:30 | Build | House |
| 6:30 | Build | House |
| 6:30 | Build | House |
| 6:31 | Build | House |
| 6:31 | Build | House |
| 6:32 | Build | House |
| 6:32 | Build | House |
| 6:33 | Build | House |
| 6:33 | Build | House |
| 6:33 | Build | House |
| 6:34 | Build | House |
| 6:34 | Build | House |
| 6:34 | Build | House |
| 6:35 | Build | House |
| 6:43 | Build | House |
| 6:43 | Build | House |
| 6:46 | Build | House |
| 6:47 | Build | House |
| 6:47 | Build | House |
| 6:48 | Build | House |
| 6:48 | Build | House |
| 6:48 | Build | House |
| 6:48 | Build | House |
| 6:49 | Build | House |
| 7:32 | Create | Villager (Male) ×5 |
| 7:33 | Create | Villager (Male) ×5 |
| 7:33 | Create | Villager (Male) ×5 |
| 7:33 | Create | Villager (Male) |
| 7:47 | Build | Castle |
| 7:50 | Build | Castle |
| 7:55 | Build | Castle |
| 8:05 | Build | Mining Camp |
| 8:11 | Build | Farm |
| 8:11 | Build | Farm |
| 8:12 | Build | Farm |
| 8:12 | Build | Farm |
| 8:12 | Build | Farm |
| 8:13 | Build | Farm |
| 8:13 | Build | Farm |
| 8:13 | Build | Farm |
| 8:13 | Build | Farm |
| 8:14 | Build | Farm |
| 8:14 | Build | Farm |
| 8:14 | Build | Farm |
| 8:15 | Build | Farm |
| 8:15 | Build | Farm |
| 8:15 | Build | Farm |
| 8:16 | Build | Farm |
| 8:16 | Build | Farm |
| 8:16 | Build | Farm |
| 8:44 | Build | Stone Wall |
| 8:59 | Build | Stone Wall |
| 9:07 | Build | Stone Wall |
| 9:41 | Build | House |
| 9:41 | Build | House |
| 9:41 | Build | House |
| 9:42 | Build | House |
| 9:42 | Build | House |
| 9:43 | Build | House |
| 9:43 | Build | House |
| 9:44 | Build | House |
| 9:44 | Build | House |
| 9:45 | Build | House |
| 9:45 | Build | House |
| 9:45 | Build | House |
| 9:46 | Build | House |
| 9:57 | Build | House |
| 9:58 | Build | House |
| 9:58 | Build | House |
Build order — ismaellimom
First 150 of 1644 actions detected
| 0:02 | Create | Villager (Male) |
| 0:03 | Create | Villager (Male) |
| 0:05 | Build | Market |
| 0:07 | Build | House |
| 0:08 | Build | House |
| 0:13 | Build | Town Center |
| 0:17 | Create | Villager (Male) |
| 0:18 | Create | Villager (Male) |
| 0:18 | Create | Villager (Male) |
| 0:19 | Create | Villager (Male) |
| 0:27 | Create | Villager (Male) |
| 0:27 | Create | Villager (Male) |
| 0:49 | Build | Town Center |
| 0:56 | Create | Villager (Male) |
| 0:56 | Create | Villager (Male) |
| 0:56 | Create | Villager (Male) |
| 0:57 | Create | Villager (Male) |
| 0:57 | Create | Villager (Male) |
| 0:57 | Create | Villager (Male) |
| 0:58 | Create | Villager (Male) |
| 0:58 | Create | Villager (Male) |
| 0:59 | Create | Villager (Male) |
| 1:06 | Build | Town Center |
| 1:19 | Create | Trade Cart |
| 1:19 | Create | Trade Cart |
| 1:20 | Create | Trade Cart |
| 1:22 | Create | Trade Cart |
| 1:23 | Create | Trade Cart |
| 1:23 | Create | Trade Cart |
| 1:28 | Create | Villager (Male) |
| 1:29 | Create | Villager (Male) |
| 1:29 | Create | Villager (Male) |
| 1:29 | Create | Villager (Male) |
| 1:31 | Create | Villager (Male) |
| 1:31 | Create | Villager (Male) |
| 1:40 | Build | Siege Workshop |
| 1:41 | Build | Siege Workshop |
| 1:45 | Build | Market |
| 1:47 | Build | Market |
| 1:49 | Build | Market |
| 1:51 | Build | Lumber Camp |
| 1:54 | Create | Villager (Male) |
| 1:55 | Create | Villager (Male) |
| 1:55 | Create | Villager (Male) |
| 1:55 | Create | Villager (Male) |
| 1:56 | Create | Villager (Male) |
| 1:56 | Create | Villager (Male) |
| 2:01 | Create | Mangonel |
| 2:04 | Create | Mangonel |
| 2:05 | Create | Villager (Male) |
| 2:06 | Create | Villager (Male) |
| 2:07 | Create | Villager (Male) |
| 2:07 | Create | Villager (Male) |
| 2:07 | Create | Villager (Male) |
| 2:08 | Create | Villager (Male) |
| 2:17 | Create | Mangonel |
| 2:17 | Create | Mangonel |
| 2:18 | Create | Mangonel |
| 2:25 | Create | Villager (Male) |
| 2:25 | Create | Villager (Male) |
| 2:56 | Create | Villager (Male) |
| 2:57 | Create | Villager (Male) |
| 2:57 | Create | Villager (Male) |
| 2:57 | Create | Villager (Male) |
| 2:58 | Create | Villager (Male) |
| 2:58 | Create | Villager (Male) |
| 2:58 | Create | Villager (Male) |
| 3:05 | Create | Villager (Male) |
| 3:13 | Build | House |
| 3:15 | Build | House |
| 3:16 | Build | House |
| 3:18 | Build | House |
| 3:31 | Build | Mining Camp |
| 3:34 | Create | Trade Cart |
| 3:34 | Create | Trade Cart ×5 |
| 3:37 | Create | Trade Cart |
| 3:37 | Create | Trade Cart ×5 |
| 3:38 | Create | Trade Cart |
| 3:38 | Create | Trade Cart |
| 3:43 | Build | Market |
| 3:47 | Build | House |
| 3:48 | Build | House |
| 3:49 | Build | House |
| 3:51 | Build | House |
| 3:52 | Build | House |
| 3:53 | Build | House |
| 3:54 | Build | House |
| 4:24 | Create | Villager (Male) |
| 4:24 | Create | Villager (Male) |
| 4:24 | Create | Villager (Male) |
| 4:25 | Create | Villager (Male) |
| 4:25 | Create | Villager (Male) |
| 4:25 | Create | Villager (Male) |
| 4:25 | Create | Villager (Male) |
| 4:45 | Create | Villager (Male) |
| 4:45 | Create | Villager (Male) |
| 4:46 | Create | Villager (Male) |
| 4:46 | Create | Villager (Male) |
| 4:46 | Create | Villager (Male) |
| 4:47 | Create | Villager (Male) |
| 4:48 | Create | Villager (Male) |
| 4:48 | Create | Villager (Male) |
| 4:49 | Create | Villager (Male) |
| 4:49 | Create | Villager (Male) |
| 4:50 | Create | Villager (Male) |
| 4:50 | Create | Villager (Male) |
| 4:51 | Create | Villager (Male) |
| 4:58 | Build | Town Center |
| 5:24 | Build | House |
| 5:25 | Build | House |
| 5:26 | Build | House |
| 5:32 | Build | House |
| 5:37 | Build | House |
| 5:38 | Build | House |
| 5:39 | Build | House |
| 5:40 | Build | House |
| 5:41 | Build | House |
| 5:42 | Build | House |
| 5:47 | Create | Villager (Male) |
| 5:47 | Create | Villager (Male) |
| 5:48 | Create | Villager (Male) |
| 5:48 | Create | Villager (Male) |
| 5:53 | Create | Villager (Male) |
| 5:53 | Create | Villager (Male) |
| 5:54 | Create | Villager (Male) |
| 5:54 | Create | Villager (Male) |
| 5:55 | Create | Villager (Male) |
| 5:55 | Create | Villager (Male) |
| 5:56 | Create | Villager (Male) |
| 5:56 | Create | Villager (Male) |
| 5:57 | Create | Villager (Male) |
| 5:57 | Create | Villager (Male) |
| 5:57 | Create | Villager (Male) |
| 5:58 | Create | Villager (Male) |
| 6:24 | Build | House |
| 6:26 | Build | House |
| 6:27 | Build | House |
| 6:28 | Build | House |
| 6:30 | Build | House |
| 6:32 | Build | House |
| 6:34 | Build | House |
| 6:35 | Build | House |
| 6:36 | Build | House |
| 6:39 | Create | Bombard Cannon ×5 |
| 6:39 | Create | Bombard Cannon |
| 6:39 | Create | Bombard Cannon ×5 |
| 6:40 | Create | Bombard Cannon ×5 |
| 6:41 | Create | Bombard Cannon |
| 7:09 | Create | Villager (Male) |
| 7:09 | Create | Villager (Male) |
Build order — sparoba777
First 150 of 2643 actions detected
| 0:03 | Create | Villager (Male) |
| 0:03 | Create | Villager (Male) |
| 0:04 | Create | Villager (Male) |
| 0:04 | Create | Villager (Male) |
| 0:05 | Create | Villager (Male) |
| 0:05 | Create | Villager (Male) |
| 0:05 | Create | Villager (Male) |
| 0:08 | Build | House |
| 0:09 | Build | House |
| 0:11 | Build | House |
| 0:12 | Build | House |
| 0:13 | Build | House |
| 0:15 | Build | House |
| 0:16 | Build | House |
| 0:32 | Build | Stone Wall |
| 0:47 | Build | Market |
| 0:49 | Build | Market |
| 0:51 | Build | Market |
| 0:54 | Build | Market |
| 1:01 | Build | Town Center |
| 1:15 | Build | Town Center |
| 1:32 | Build | Castle |
| 1:34 | Build | Castle |
| 1:40 | Build | Castle |
| 1:42 | Build | Castle |
| 1:49 | Build | Mining Camp |
| 1:58 | Build | House |
| 2:00 | Build | House |
| 2:02 | Build | House |
| 2:03 | Build | House |
| 2:07 | Build | House |
| 2:09 | Build | House |
| 2:18 | Build | Mining Camp |
| 2:38 | Create | Villager (Male) |
| 2:39 | Create | Villager (Male) |
| 2:39 | Create | Villager (Male) |
| 2:40 | Create | Villager (Male) |
| 2:40 | Create | Villager (Male) |
| 2:40 | Create | Villager (Male) |
| 2:41 | Create | Villager (Male) |
| 2:41 | Create | Villager (Male) |
| 2:41 | Create | Villager (Male) |
| 2:42 | Create | Villager (Male) |
| 2:42 | Create | Villager (Male) |
| 2:43 | Create | Villager (Male) |
| 2:43 | Create | Villager (Male) |
| 2:43 | Create | Villager (Male) |
| 2:44 | Create | Villager (Male) |
| 2:44 | Create | Villager (Male) |
| 2:54 | Build | Mining Camp |
| 3:13 | Create | Trade Cart |
| 3:14 | Create | Trade Cart |
| 3:14 | Create | Trade Cart |
| 3:15 | Create | Trade Cart |
| 3:15 | Create | Trade Cart |
| 3:16 | Create | Trade Cart |
| 3:16 | Create | Trade Cart |
| 3:17 | Create | Trade Cart |
| 3:17 | Create | Trade Cart |
| 3:17 | Create | Trade Cart |
| 3:18 | Create | Trade Cart |
| 3:18 | Create | Trade Cart |
| 3:19 | Create | Trade Cart |
| 3:19 | Create | Trade Cart |
| 3:20 | Create | Trade Cart |
| 3:20 | Create | Trade Cart |
| 3:21 | Create | Trade Cart |
| 3:21 | Create | Trade Cart |
| 3:22 | Create | Trade Cart |
| 3:22 | Create | Trade Cart |
| 3:23 | Create | Trade Cart |
| 3:23 | Create | Trade Cart |
| 3:23 | Create | Trade Cart |
| 3:24 | Create | Trade Cart |
| 3:24 | Create | Trade Cart |
| 3:25 | Create | Trade Cart |
| 3:25 | Create | Trade Cart |
| 3:26 | Create | Trade Cart |
| 3:26 | Create | Trade Cart |
| 3:27 | Create | Trade Cart |
| 3:27 | Create | Trade Cart |
| 3:28 | Create | Trade Cart |
| 3:28 | Create | Trade Cart |
| 3:29 | Create | Trade Cart |
| 3:29 | Create | Trade Cart |
| 3:30 | Create | Trade Cart |
| 3:30 | Create | Trade Cart |
| 3:31 | Create | Trade Cart |
| 3:31 | Create | Trade Cart |
| 3:31 | Create | Trade Cart |
| 3:32 | Create | Trade Cart |
| 3:32 | Create | Trade Cart |
| 3:33 | Create | Trade Cart |
| 3:33 | Create | Trade Cart |
| 3:34 | Create | Trade Cart |
| 3:34 | Create | Trade Cart |
| 3:35 | Create | Trade Cart |
| 3:35 | Create | Trade Cart |
| 3:36 | Create | Trade Cart |
| 3:36 | Create | Trade Cart |
| 3:37 | Create | Trade Cart |
| 3:37 | Create | Trade Cart |
| 3:38 | Create | Trade Cart |
| 3:38 | Create | Trade Cart |
| 3:39 | Create | Trade Cart |
| 3:39 | Create | Trade Cart |
| 3:40 | Create | Trade Cart |
| 3:40 | Create | Trade Cart |
| 3:41 | Create | Trade Cart |
| 3:41 | Create | Trade Cart |
| 3:41 | Create | Trade Cart |
| 3:53 | Build | Gate |
| 3:55 | Build | Gate |
| 4:04 | Build | House |
| 4:18 | Create | Villager (Male) |
| 4:19 | Create | Villager (Male) |
| 4:19 | Create | Villager (Male) |
| 4:20 | Create | Villager (Male) |
| 4:20 | Create | Villager (Male) |
| 4:25 | Build | Lumber Camp |
| 4:31 | Create | Villager (Male) |
| 4:32 | Create | Villager (Male) |
| 4:32 | Create | Villager (Male) |
| 4:32 | Create | Villager (Male) |
| 4:33 | Create | Villager (Male) |
| 4:33 | Create | Villager (Male) |
| 4:34 | Create | Villager (Male) |
| 4:34 | Create | Villager (Male) |
| 4:34 | Create | Villager (Male) |
| 4:35 | Create | Villager (Male) |
| 4:35 | Create | Villager (Male) |
| 4:36 | Create | Villager (Male) |
| 4:36 | Create | Villager (Male) |
| 4:49 | Build | Farm |
| 4:50 | Build | Farm |
| 4:52 | Build | Farm |
| 4:53 | Build | Farm |
| 4:55 | Build | Farm |
| 4:56 | Build | Farm |
| 4:58 | Build | Farm |
| 4:59 | Build | Farm |
| 5:01 | Build | Farm |
| 5:03 | Build | Farm |
| 5:05 | Build | Farm |
| 5:05 | Build | Farm |
| 5:06 | Build | Farm |
| 5:08 | Build | Farm |
| 5:09 | Build | Farm |
| 5:11 | Build | Farm |
| 5:13 | Build | Farm |
Build order — JakeCargo6253
First 150 of 356 actions detected
| 0:20 | Build | Farm |
| 1:13 | Build | Farm |
| 1:17 | Build | Farm |
| 1:18 | Create | Villager (Male) |
| 1:19 | Create | Villager (Male) |
| 1:19 | Create | Villager (Male) |
| 1:19 | Create | Villager (Male) |
| 1:20 | Create | Villager (Male) |
| 1:20 | Create | Villager (Male) |
| 1:20 | Create | Villager (Male) |
| 1:21 | Create | Villager (Male) |
| 1:21 | Create | Villager (Male) |
| 1:21 | Create | Villager (Male) |
| 1:22 | Create | Villager (Male) |
| 1:22 | Create | Villager (Male) |
| 1:22 | Create | Villager (Male) |
| 1:23 | Create | Villager (Male) |
| 1:23 | Create | Villager (Male) |
| 1:48 | Build | House |
| 2:05 | Build | House |
| 2:09 | Create | Villager (Male) |
| 2:29 | Build | Farm |
| 2:34 | Build | House |
| 2:41 | Create | Villager (Male) |
| 2:54 | Build | House |
| 2:58 | Build | Farm |
| 3:04 | Create | Villager (Male) |
| 3:23 | Build | Lumber Camp |
| 3:35 | Build | Mining Camp |
| 3:39 | Create | Villager (Male) |
| 3:40 | Create | Villager (Male) |
| 3:46 | Build | Mining Camp |
| 4:12 | Build | Lumber Camp |
| 4:16 | Create | Villager (Male) |
| 4:30 | Create | Villager (Male) |
| 4:48 | Build | Barracks |
| 4:55 | Create | Villager (Male) |
| 5:08 | Build | Stable |
| 5:27 | Build | Town Center |
| 5:44 | Create | Villager (Male) |
| 5:44 | Create | Villager (Male) |
| 5:49 | Build | Farm |
| 6:15 | Build | Town Center |
| 6:30 | Build | Town Center |
| 6:45 | Build | Market |
| 6:56 | Create | Villager (Male) |
| 6:56 | Create | Villager (Male) |
| 6:59 | Create | Villager (Male) |
| 7:08 | Build | Farm |
| 7:18 | Create | Villager (Male) |
| 7:19 | Create | Villager (Male) |
| 7:19 | Create | Villager (Male) |
| 7:19 | Create | Villager (Male) |
| 7:20 | Create | Villager (Male) |
| 7:20 | Create | Villager (Male) |
| 7:20 | Create | Villager (Male) |
| 7:21 | Create | Villager (Male) |
| 7:21 | Create | Villager (Male) |
| 7:21 | Create | Villager (Male) |
| 7:26 | Build | Farm |
| 7:36 | Build | Lumber Camp |
| 7:39 | Create | Trade Cart |
| 7:40 | Create | Trade Cart |
| 7:40 | Create | Trade Cart |
| 7:40 | Create | Trade Cart |
| 7:41 | Create | Trade Cart |
| 7:41 | Create | Trade Cart |
| 7:41 | Create | Trade Cart |
| 7:42 | Create | Trade Cart |
| 7:43 | Create | Trade Cart |
| 7:43 | Create | Trade Cart |
| 7:43 | Create | Trade Cart |
| 7:44 | Create | Trade Cart |
| 7:44 | Create | Trade Cart |
| 7:58 | Build | Lumber Camp |
| 8:21 | Build | Lumber Camp |
| 8:32 | Build | Farm |
| 8:36 | Build | Farm |
| 8:42 | Build | Farm |
| 8:51 | Create | Trade Cart |
| 8:51 | Create | Trade Cart |
| 8:51 | Create | Trade Cart |
| 9:19 | Build | Stable |
| 9:35 | Build | Siege Workshop |
| 9:47 | Build | Blacksmith |
| 9:55 | Build | House |
| 10:14 | Build | House |
| 10:19 | Build | House |
| 10:29 | Build | House |
| 10:36 | Build | Farm |
| 10:45 | Build | Lumber Camp |
| 10:56 | Build | Mining Camp |
| 11:05 | Create | Knight |
| 11:06 | Create | Knight |
| 11:06 | Create | Knight |
| 11:06 | Create | Knight |
| 11:07 | Create | Knight |
| 11:07 | Create | Knight |
| 11:07 | Create | Knight |
| 11:08 | Create | Knight |
| 11:08 | Create | Knight |
| 11:08 | Create | Knight |
| 11:09 | Create | Knight |
| 11:09 | Create | Knight |
| 11:10 | Create | Knight |
| 11:10 | Create | Knight |
| 11:10 | Create | Knight |
| 11:11 | Create | Knight |
| 11:11 | Create | Knight |
| 11:11 | Create | Knight |
| 11:12 | Create | Knight |
| 11:12 | Create | Knight |
| 11:13 | Create | Knight |
| 11:13 | Create | Knight |
| 11:35 | Build | Stable |
| 11:47 | Build | Stable |
| 12:13 | Build | Lumber Camp |
| 12:21 | Build | House |
| 12:26 | Build | House |
| 12:32 | Build | House |
| 12:38 | Build | House |
| 12:43 | Build | House |
| 12:54 | Create | Knight |
| 12:54 | Create | Knight |
| 12:55 | Create | Knight |
| 12:55 | Create | Knight |
| 12:55 | Create | Knight |
| 12:56 | Create | Knight |
| 12:56 | Create | Knight |
| 12:56 | Create | Knight |
| 12:57 | Create | Knight |
| 12:57 | Create | Knight |
| 12:57 | Create | Knight |
| 12:57 | Create | Knight |
| 12:58 | Create | Knight |
| 12:58 | Create | Knight |
| 12:58 | Create | Knight |
| 12:59 | Create | Knight |
| 12:59 | Create | Knight |
| 12:59 | Create | Knight |
| 13:00 | Create | Knight |
| 13:00 | Create | Knight |
| 13:58 | Build | Town Center |
| 14:04 | Create | Villager (Male) |
| 14:04 | Create | Villager (Male) |
| 14:05 | Create | Villager (Male) |
| 14:05 | Create | Villager (Male) |
| 14:05 | Create | Villager (Male) |
| 14:06 | Create | Villager (Male) |
| 14:11 | Build | House |
Build order — oscarrto801
First 150 of 623 actions detected
| 0:08 | Build | Castle |
| 0:10 | Build | House |
| 0:12 | Build | House |
| 0:14 | Create | Villager (Male) ×5 |
| 0:15 | Create | Villager (Male) ×5 |
| 0:15 | Create | Villager (Male) ×5 |
| 1:58 | Research | Spies/Treason |
| 2:08 | Build | Town Center |
| 2:11 | Build | Town Center |
| 2:12 | Build | Town Center |
| 2:14 | Build | Town Center |
| 2:22 | Build | Town Center |
| 2:26 | Build | Town Center |
| 2:28 | Build | Town Center |
| 2:38 | Build | Stable |
| 2:40 | Build | Stable |
| 2:40 | Build | Stable |
| 2:40 | Build | Stable |
| 2:43 | Build | Stable |
| 2:44 | Build | Stable |
| 2:44 | Build | Stable |
| 2:45 | Build | Stable |
| 2:47 | Build | Stable |
| 2:49 | Build | Stable |
| 2:50 | Build | Stable |
| 2:51 | Build | Stable |
| 2:51 | Build | Stable |
| 2:53 | Build | Stable |
| 2:54 | Build | Stable |
| 3:01 | Build | House |
| 3:03 | Build | House |
| 3:04 | Build | House |
| 3:10 | Build | House |
| 3:11 | Build | House |
| 3:13 | Build | House |
| 3:14 | Build | House |
| 3:15 | Build | House |
| 3:17 | Build | House |
| 3:18 | Build | House |
| 3:22 | Build | House |
| 3:27 | Create | Villager (Male) ×5 |
| 3:28 | Create | Villager (Male) ×5 |
| 3:28 | Create | Villager (Male) ×5 |
| 3:29 | Create | Villager (Male) ×5 |
| 3:29 | Create | Villager (Male) ×5 |
| 3:30 | Create | Villager (Male) ×5 |
| 3:30 | Create | Villager (Male) ×5 |
| 3:30 | Create | Villager (Male) ×5 |
| 3:31 | Create | Villager (Male) ×2 |
| 3:34 | Build | Market |
| 3:38 | Build | Market |
| 3:41 | Build | Market |
| 3:43 | Build | Market |
| 3:45 | Build | Market |
| 3:56 | Build | Siege Workshop |
| 3:58 | Build | Siege Workshop |
| 4:10 | Build | Lumber Camp |
| 4:13 | Build | Lumber Camp |
| 4:15 | Build | Lumber Camp |
| 4:20 | Build | Lumber Camp |
| 4:25 | Build | Lumber Camp |
| 4:28 | Build | Lumber Camp |
| 4:35 | Create | Villager (Male) ×5 |
| 4:35 | Create | Villager (Male) ×5 |
| 4:36 | Create | Villager (Male) ×5 |
| 4:36 | Create | Villager (Male) ×5 |
| 4:37 | Create | Villager (Male) ×5 |
| 4:37 | Create | Villager (Male) ×5 |
| 4:38 | Create | Villager (Male) ×5 |
| 4:38 | Create | Villager (Male) ×2 |
| 4:45 | Build | Mining Camp |
| 4:53 | Build | Mining Camp |
| 5:14 | Build | Mining Camp |
| 5:17 | Create | Mangonel |
| 5:17 | Create | Mangonel |
| 5:18 | Create | Mangonel |
| 5:18 | Create | Mangonel |
| 5:28 | Create | Knight ×5 |
| 5:28 | Create | Knight ×5 |
| 5:29 | Create | Knight ×5 |
| 5:29 | Create | Knight ×5 |
| 5:30 | Create | Knight |
| 6:17 | Create | Knight ×4 |
| 6:17 | Create | Knight ×4 |
| 6:50 | Create | Villager (Male) ×5 |
| 6:50 | Create | Villager (Male) ×5 |
| 6:50 | Create | Villager (Male) ×5 |
| 6:51 | Create | Villager (Male) ×5 |
| 6:51 | Create | Villager (Male) ×5 |
| 6:52 | Create | Villager (Male) ×5 |
| 6:52 | Create | Villager (Male) ×5 |
| 6:53 | Create | Villager (Male) ×5 |
| 6:53 | Create | Villager (Male) ×5 |
| 6:53 | Create | Villager (Male) ×5 |
| 6:54 | Create | Villager (Male) ×5 |
| 6:54 | Create | Villager (Male) ×5 |
| 6:55 | Create | Villager (Male) ×5 |
| 6:56 | Create | Villager (Male) ×5 |
| 6:56 | Create | Villager (Male) ×5 |
| 6:57 | Create | Villager (Male) ×3 |
| 7:32 | Build | Stone Wall |
| 7:34 | Build | Gate |
| 7:36 | Build | Gate |
| 7:38 | Build | Gate |
| 9:09 | Build | Lumber Camp |
| 9:10 | Build | Lumber Camp |
| 9:11 | Build | Lumber Camp |
| 9:14 | Build | Lumber Camp |
| 9:15 | Build | Lumber Camp |
| 9:32 | Build | Castle |
| 9:37 | Build | Castle |
| 9:41 | Build | Castle |
| 9:45 | Build | Castle |
| 12:31 | Build | Castle |
| 12:33 | Build | Castle |
| 12:41 | Build | Castle |
| 12:43 | Build | Castle |
| 14:27 | Build | Lumber Camp |
| 14:37 | Build | Farm |
| 14:37 | Build | Farm |
| 14:38 | Build | Farm |
| 14:38 | Build | Farm |
| 14:38 | Build | Farm |
| 14:39 | Build | Farm |
| 14:39 | Build | Farm |
| 14:39 | Build | Farm |
| 14:40 | Build | Farm |
| 14:40 | Build | Farm |
| 14:40 | Build | Farm |
| 14:41 | Build | Farm |
| 14:41 | Build | Farm |
| 14:41 | Build | Farm |
| 14:42 | Build | Farm |
| 14:42 | Build | Farm |
| 14:42 | Build | Farm |
| 14:47 | Build | Farm |
| 14:47 | Build | Farm |
| 14:48 | Build | Farm |
| 14:48 | Build | Farm |
| 14:48 | Build | Farm |
| 14:49 | Build | Farm |
| 14:49 | Build | Farm |
| 14:50 | Build | Farm |
| 14:50 | Build | Farm |
| 14:50 | Build | Farm |
| 14:51 | Build | Farm |
| 14:51 | Build | Farm |
| 14:51 | Build | Farm |
| 14:52 | Build | Farm |
| 14:52 | Build | Farm |
Build order — pedro-241
First 150 of 237 actions detected
| 0:45 | Build | Town Center |
| 0:48 | Build | Town Center |
| 0:57 | Build | Town Center |
| 1:00 | Build | Town Center |
| 1:04 | Build | Town Center |
| 1:08 | Create | Villager (Male) ×5 |
| 1:08 | Create | Villager (Male) ×5 |
| 1:09 | Create | Villager (Male) ×5 |
| 1:09 | Create | Villager (Male) ×5 |
| 1:09 | Create | Villager (Male) ×5 |
| 1:43 | Build | House |
| 1:44 | Build | House |
| 1:46 | Build | House |
| 1:47 | Build | House |
| 1:49 | Build | House |
| 1:50 | Build | House |
| 1:59 | Create | Villager (Male) ×5 |
| 2:00 | Create | Villager (Male) ×5 |
| 2:00 | Create | Villager (Male) ×5 |
| 2:00 | Create | Villager (Male) ×5 |
| 2:08 | Create | Villager (Male) ×5 |
| 2:09 | Create | Villager (Male) ×5 |
| 2:09 | Create | Villager (Male) ×5 |
| 2:09 | Create | Villager (Male) ×5 |
| 2:28 | Build | Stone Wall |
| 2:34 | Build | Stone Wall |
| 2:40 | Build | Stone Wall |
| 2:47 | Build | Stone Wall |
| 3:07 | Build | Castle |
| 3:22 | Build | Farm |
| 3:23 | Build | Farm |
| 3:23 | Build | Farm |
| 3:23 | Build | Farm |
| 3:24 | Build | Farm |
| 3:24 | Build | Farm |
| 3:24 | Build | Farm |
| 3:25 | Build | Farm |
| 3:25 | Build | Farm |
| 3:25 | Build | Farm |
| 3:26 | Build | Farm |
| 3:27 | Build | Farm |
| 3:27 | Build | Farm |
| 3:28 | Build | Farm |
| 3:28 | Build | Farm |
| 3:30 | Build | Farm |
| 3:30 | Build | Farm |
| 3:31 | Build | Farm |
| 3:31 | Build | Farm |
| 3:32 | Build | Farm |
| 3:32 | Build | Farm |
| 3:32 | Build | Farm |
| 3:33 | Build | Farm |
| 3:34 | Build | Farm |
| 3:34 | Build | Farm |
| 3:34 | Build | Farm |
| 3:34 | Build | Farm |
| 3:34 | Build | Farm |
| 3:35 | Build | Farm |
| 3:35 | Build | Farm |
| 3:36 | Build | Farm |
| 3:36 | Build | Farm |
| 3:36 | Build | Farm |
| 3:37 | Build | Farm |
| 3:37 | Build | Farm |
| 3:44 | Create | Villager (Male) ×5 |
| 3:44 | Create | Villager (Male) ×5 |
| 3:51 | Create | Villager (Male) ×5 |
| 3:51 | Create | Villager (Male) ×5 |
| 3:51 | Create | Villager (Male) ×5 |
| 3:52 | Create | Villager (Male) ×5 |
| 3:52 | Create | Villager (Male) ×5 |
| 4:00 | Create | Villager (Male) ×5 |
| 4:00 | Create | Villager (Male) ×5 |
| 4:00 | Create | Villager (Male) ×5 |
| 4:01 | Create | Villager (Male) ×5 |
| 4:01 | Create | Villager (Male) ×5 |
| 4:17 | Build | Mining Camp |
| 5:50 | Build | Castle |
| 5:53 | Build | Castle |
| 5:56 | Build | Castle |
| 5:58 | Build | Castle |
| 5:59 | Build | Castle |
| 6:00 | Build | Castle |
| 6:03 | Build | Castle |
| 6:23 | Create | Villager (Male) ×5 |
| 6:23 | Create | Villager (Male) ×5 |
| 6:24 | Create | Villager (Male) ×5 |
| 6:28 | Create | Villager (Male) ×5 |
| 6:28 | Create | Villager (Male) ×5 |
| 6:29 | Create | Villager (Male) ×5 |
| 7:06 | Create | Woad Raider ×5 |
| 7:06 | Create | Woad Raider ×5 |
| 7:07 | Create | Woad Raider ×5 |
| 7:07 | Create | Woad Raider ×5 |
| 7:26 | Create | Woad Raider ×5 |
| 7:26 | Create | Woad Raider ×5 |
| 7:26 | Create | Woad Raider |
| 7:27 | Create | Woad Raider |
| 7:36 | Create | Woad Raider ×3 |
| 7:36 | Create | Woad Raider ×3 |
| 7:37 | Create | Woad Raider |
| 7:37 | Create | Woad Raider |
| 7:37 | Create | Woad Raider |
| 7:40 | Create | Trebuchet (Packed) |
| 7:41 | Create | Trebuchet (Packed) |
| 7:43 | Create | Petard |
| 7:58 | Build | Mining Camp |
| 8:18 | Build | Gate |
| 8:27 | Build | Stone Wall |
| 8:59 | Build | House |
| 9:00 | Build | House |
| 9:02 | Build | House |
| 9:02 | Build | House |
| 9:05 | Build | House |
| 9:06 | Build | House |
| 9:24 | Build | Monastery |
| 9:55 | Build | Gate |
| 11:04 | Build | Mining Camp |
| 11:23 | Build | Farm |
| 11:28 | Create | Villager (Male) ×5 |
| 11:28 | Create | Villager (Male) ×5 |
| 11:28 | Create | Villager (Male) ×5 |
| 11:29 | Create | Villager (Male) ×5 |
| 13:51 | Build | Mining Camp |
| 13:55 | Create | Monk |
| 14:06 | Build | Lumber Camp |
| 14:14 | Build | Siege Workshop |
| 14:16 | Build | Siege Workshop |
| 14:28 | Build | Castle |
| 14:32 | Build | Castle |
| 14:56 | Build | Lumber Camp |
| 15:08 | Create | Mangonel |
| 15:08 | Create | Mangonel |
| 15:08 | Create | Mangonel |
| 15:09 | Create | Mangonel |
| 15:09 | Create | Mangonel |
| 15:10 | Create | Mangonel |
| 15:10 | Create | Mangonel |
| 15:10 | Create | Mangonel |
| 15:11 | Create | Mangonel |
| 15:11 | Create | Mangonel |
| 15:11 | Create | Mangonel |
| 15:12 | Create | Mangonel |
| 15:12 | Create | Mangonel |
| 15:13 | Create | Mangonel |
| 15:18 | Build | Stable |
| 15:19 | Build | Stable |
| 15:19 | Build | Stable |
| 15:20 | Build | Stable |
| 15:28 | Build | Farm |
Match timeline
| 0:08 | oscarrto801 · first_building Castle |
| 0:12 | umutcaningin · first_building Castle |
| 0:20 | fahrettinerdem · first_building Monastery |
| 0:30 | fahrettinerdem · wall_segment Stone Wall x16 |
| 0:31 | ismaellimom · first_market_sell 500 food |
| 0:32 | sparoba777 · wall_segment Stone Wall x17 |
| 1:32 | sparoba777 · first_building Castle |
| 1:40 | ismaellimom · first_building Siege Workshop |
| 2:08 | umutcaningin · first_building Siege Workshop |
| 2:28 | pedro-241 · wall_segment Stone Wall x15 |
| 2:34 | pedro-241 · wall_segment Stone Wall x11 |
| 2:38 | oscarrto801 · first_building Stable |
| 2:40 | pedro-241 · wall_segment Stone Wall x16 |
| 2:47 | pedro-241 · wall_segment Stone Wall x18 |
| 2:52 | fahrettinerdem · first_building Siege Workshop |
| 2:55 | umutcaningin · first_building Monastery |
| 3:05 | D3r m!t d3m WoLF T4nZt · first_building Barracks |
| 3:07 | pedro-241 · first_building Castle |
| 3:20 | D3r m!t d3m WoLF T4nZt · first_building Archery Range |
| 3:56 | oscarrto801 · first_building Siege Workshop |
| 4:21 | D3r m!t d3m WoLF T4nZt · first_building Siege Workshop |
| 4:48 | JakeCargo6253 · first_building Barracks |
| 5:08 | JakeCargo6253 · first_building Stable |
| 6:18 | sparoba777 · first_building Monastery |
| 7:29 | D3r m!t d3m WoLF T4nZt · first_building Castle |
| 7:32 | oscarrto801 · wall_segment Stone Wall x22 |
| 7:33 | ismaellimom · first_building Castle |
| 7:45 | ismaellimom · first_market_buy 100 stone |
| 8:27 | pedro-241 · wall_segment Stone Wall x6 |
| 8:41 | D3r m!t d3m WoLF T4nZt · first_building Stable |
| 8:44 | umutcaningin · wall_segment Stone Wall x17 |
| 8:59 | umutcaningin · wall_segment Stone Wall x14 |
| 9:07 | umutcaningin · wall_segment Stone Wall x17 |
| 9:24 | pedro-241 · first_building Monastery |
| 9:35 | JakeCargo6253 · first_building Siege Workshop |
| 10:52 | sparoba777 · wall_segment Stone Wall x25 |
| 12:05 | ismaellimom · wall_segment Stone Wall x40 |
| 12:30 | umutcaningin · wall_segment Stone Wall x4 |
| 12:53 | sparoba777 · first_building Siege Workshop |
| 12:54 | umutcaningin · wall_segment Stone Wall x1 |
| 13:33 | D3r m!t d3m WoLF T4nZt · wall_segment Stone Wall x23 |
| 13:37 | D3r m!t d3m WoLF T4nZt · wall_segment Stone Wall x4 |
| 13:41 | D3r m!t d3m WoLF T4nZt · wall_segment Stone Wall x22 |
| 13:45 | D3r m!t d3m WoLF T4nZt · wall_segment Stone Wall x24 |
| 13:49 | fahrettinerdem · first_building Castle |
| 13:49 | D3r m!t d3m WoLF T4nZt · wall_segment Stone Wall x24 |
| 14:12 | sparoba777 · first_building Stable |
| 14:14 | pedro-241 · first_building Siege Workshop |
| 15:18 | pedro-241 · first_building Stable |
| 15:49 | ismaellimom · wall_segment Stone Wall x13 |
| 16:18 | umutcaningin · wall_segment Stone Wall x14 |
| 16:51 | fahrettinerdem · first_building Stable |
| 17:25 | fahrettinerdem · wall_segment Stone Wall x29 |
| 17:32 | umutcaningin · first_building Barracks |
| 20:55 | JakeCargo6253 · first_building Castle |
| 22:31 | umutcaningin · first_building Stable |
| 24:29 | D3r m!t d3m WoLF T4nZt · first_market_sell 100 wood |
| 24:47 | D3r m!t d3m WoLF T4nZt · first_market_buy 100 stone |
| 25:10 | fahrettinerdem · wall_segment Stone Wall x9 |
| 25:15 | fahrettinerdem · wall_segment Stone Wall x3 |
| 25:18 | fahrettinerdem · wall_segment Stone Wall x2 |
| 26:26 | D3r m!t d3m WoLF T4nZt · wall_segment Stone Wall x6 |
| 26:29 | D3r m!t d3m WoLF T4nZt · wall_segment Stone Wall x6 |
| 26:37 | D3r m!t d3m WoLF T4nZt · wall_segment Stone Wall x9 |
| 26:40 | D3r m!t d3m WoLF T4nZt · wall_segment Stone Wall x3 |
| 27:04 | oscarrto801 · first_market_sell 500 food |
| 28:52 | pedro-241 · wall_segment Stone Wall x11 |
| 29:18 | pedro-241 · first_market_buy 100 stone |
| 29:39 | pedro-241 · resign |
| 33:35 | oscarrto801 · wall_segment Stone Wall x7 |
| 34:24 | D3r m!t d3m WoLF T4nZt · wall_segment Stone Wall x7 |
| 34:31 | D3r m!t d3m WoLF T4nZt · wall_segment Stone Wall x5 |
| 34:34 | D3r m!t d3m WoLF T4nZt · wall_segment Stone Wall x4 |
| 34:55 | ismaellimom · wall_segment Stone Wall x6 |
| 35:26 | fahrettinerdem · wall_segment Stone Wall x19 |
| 35:47 | fahrettinerdem · wall_segment Stone Wall x19 |
| 37:12 | umutcaningin · wall_segment Stone Wall x19 |
| 38:41 | D3r m!t d3m WoLF T4nZt · wall_segment Stone Wall x13 |
| 38:52 | D3r m!t d3m WoLF T4nZt · wall_segment Stone Wall x7 |
| 38:56 | D3r m!t d3m WoLF T4nZt · wall_segment Stone Wall x7 |
| 39:38 | D3r m!t d3m WoLF T4nZt · wall_segment Stone Wall x9 |
| 41:23 | D3r m!t d3m WoLF T4nZt · wall_segment Stone Wall x6 |
| 46:29 | fahrettinerdem · wall_segment Stone Wall x9 |
| 49:43 | D3r m!t d3m WoLF T4nZt · wall_segment Stone Wall x1 |
| 49:46 | D3r m!t d3m WoLF T4nZt · wall_segment Stone Wall x1 |
| 51:08 | umutcaningin · wall_segment Stone Wall x13 |
| 52:13 | D3r m!t d3m WoLF T4nZt · wall_segment Stone Wall x2 |
| 52:16 | D3r m!t d3m WoLF T4nZt · wall_segment Stone Wall x2 |
| 54:21 | ismaellimom · wall_segment Stone Wall x36 |
| 55:19 | D3r m!t d3m WoLF T4nZt · wall_segment Stone Wall x4 |
| 57:23 | fahrettinerdem · first_building Barracks |
| 61:05 | D3r m!t d3m WoLF T4nZt · wall_segment Palisade Wall x4 |
| 61:29 | D3r m!t d3m WoLF T4nZt · wall_segment Palisade Wall x5 |
| 65:04 | umutcaningin · wall_segment Stone Wall x12 |
| 66:49 | ismaellimom · first_building Stable |
| 69:15 | umutcaningin · wall_segment Stone Wall x14 |
| 69:33 | umutcaningin · wall_segment Stone Wall x15 |
| 69:49 | umutcaningin · wall_segment Stone Wall x20 |
| 71:09 | fahrettinerdem · wall_segment Stone Wall x27 |
| 72:36 | ismaellimom · wall_segment Stone Wall x8 |
| 73:56 | ismaellimom · wall_segment Stone Wall x13 |
| 79:38 | ismaellimom · wall_segment Stone Wall x15 |
| 79:42 | ismaellimom · wall_segment Stone Wall x14 |
| 79:44 | ismaellimom · wall_segment Stone Wall x14 |
| 79:46 | ismaellimom · wall_segment Stone Wall x11 |
| 80:35 | sparoba777 · first_building Barracks |
| 81:00 | fahrettinerdem · first_market_buy 500 stone |
| 81:14 | fahrettinerdem · wall_segment Stone Wall x21 |
| 81:36 | umutcaningin · wall_segment Stone Wall x15 |
| 81:52 | umutcaningin · wall_segment Stone Wall x11 |
| 84:06 | fahrettinerdem · wall_segment Stone Wall x7 |
| 92:10 | fahrettinerdem · wall_segment Stone Wall x31 |
| 112:11 | D3r m!t d3m WoLF T4nZt · wall_segment Stone Wall x3 |
| 112:12 | D3r m!t d3m WoLF T4nZt · wall_segment Stone Wall x3 |
| 117:13 | D3r m!t d3m WoLF T4nZt · wall_segment Palisade Wall x1 |
| 117:15 | D3r m!t d3m WoLF T4nZt · wall_segment Palisade Wall x5 |
[ AI ANALYSIS · 1 CREDIT ]
What really happened in this match?
Wolo.gg analyzes every decision: build order, eco, micro, common mistakes by bracket. Personalized analysis on WhatsApp or Discord in 30 seconds.
Civ guide
Teutons
Perfil
Jugador #25193372